 Dungeon Crawl Stone Soup version 0.27-a0-223-ge082b6e869 (webtiles) character file.

Game seed: 3494603600547590523

16 iamserjio the Skirmisher (level 2, -1/28 HPs)
             Began as a Naga Fighter on Feb 1, 2021.
             Slain by an orc
             ... wielding a +0 trident
              (4 damage)
             ... on level 3 of the Dungeon.
             The game lasted 00:01:04 (153 turns).

iamserjio the Skirmisher (Naga Fighter)              Turns: 153, Time: 00:01:05

Health: -1/28      AC:  4    Str: 18    XL:     2   Next: 58%
Magic:  2/2        EV:  5    Int: 14    God:
Gold:   36         SH:  8    Dex: 10    Spells: 1/1 levels left

rFire    . . .     SeeInvis +   a - +0 war axe
rCold    . . .     Faith    .   c - +0 kite shield
rNeg     . . .     Spirit   .   b - +0 scale mail
rPois    +         Reflect  .   (no helmet)
rElec    .         Harm     .   (no cloak)
rCorr    .         Rampage  .   (no gloves)
Will     .....                  (no barding)
Stlth    ..........             (no amulet)
HPRegen  0.09/turn              g - +6 ring of intelligence
MPRegen  0.08/turn              (no ring)

@: mighty, very slow
A: large, see invisible, deformed body, poison resistance, slowness 2, spit
poison 1, AC +0
a: Spit Poison


You were on level 3 of the Dungeon.
You visited 1 branch of the dungeon, and saw 3 of its levels.

You collected 36 gold pieces.

Inventory:

Hand Weapons
 a - a +0 war axe (weapon)
Missiles
 f - 8 javelins
 h - 18 poisoned darts
Armour
 b - a +0 scale mail (worn)
 c - a +0 kite shield (worn)
Jewellery
 g - a +6 ring of intelligence (left hand)
Scrolls
 e - 2 scrolls of remove curse {unknown}
Potions
 i - a potion of heal wounds {unknown}


   Skills:
 - Level 3.0 Fighting
 * Level 2.8 Axes
 - Level 2.4 Armour
 + Level 2.6 Shields


You had one spell level left.
You didn't know any spells.
Your spell library was empty.

Dungeon Overview and Level Annotations

Branches:
Dungeon (3/15)

Altars:
Ashenzari


Innate Abilities, Weirdness & Mutations

You cannot wear boots.
Your serpentine skin is tough. (AC +0)
You have supernaturally acute eyesight. (SInv)
Armour fits poorly on your strangely shaped body.
Your system is resistant to poisons. (rPois)
You cover ground very slowly.
You can spit poison.


Message History

You kill the orc!
An orc comes into view. It is wielding a -1 club.
You feel very mighty all of a sudden.
The orc shouts!
You slash the orc!
You kill the orc!
The orc hits you with a +0 trident.
You barely miss the orc. You block the orc's attack.
The orc hits you with a +0 trident!
* * * LOW HITPOINT WARNING * * *
You slice the orc!!
You kill the orc!
Your shield and scale mail prevent you from hitting the orc.
You block the orc's attack.
You barely miss the orc. You slash the orc!
You kill the orc!
The orc hits you with a +0 trident.
* * * LOW HITPOINT WARNING * * *
The orc hits you with a +0 trident.
You die...

#. #. #...#
##.#####.#..
.........>. ...
...#.### #.# #......#
#.# #.##)#.#
#.####...o@.#.#
#.........[...#
#######.#####.#######
........# #.#
#######.# #.# #.# #.#
#.# #.# #<# #.# #.#
..#


You could see an orc.

Vanquished Creatures
  A leopard gecko (D:3)
  5 orcs (D:3)
  3 giant cockroaches
  A kobold (D:3)
  A rat (D:3)
11 creatures vanquished.

Notes
Turn   | Place    | Note
-------+----------+-------------------------------------------
     0 | D:1      | iamserjio the Naga Fighter began the quest for the Orb.
     0 | D:1      | Reached XP level 1. HP: 21/21 MP: 1/1
   115 | D:3      | Reached XP level 2. HP: 12/28 MP: 2/2
   122 | D:3      | Found a broken altar of Ashenzari.
   153 | D:3      | Slain by an orc

Illustrated notes

Levels and vault maps discovered:
D:1:      minmay_arrival_stone_box, layout_loops_ring
D:2:      layout_loops_ring, ashenzari_conservatory_becter,
          serial_co_window_serial, co_window_of_opportunity_a,
          co_window_of_opportunity_a, co_window_corner_a,
          co_window_of_opportunity_a, co_window_paths_a, co_window_paths_b,
          co_window_paths_b, co_window_cross_4, co_window_broadway_c,
          co_window_of_opportunity_b, co_window_4corner_a, glass_columns_b,
          glass_columns_c, glass_columns_c
D:3:      layout_loops_ring, lemuel_altar_in_water

Action                   || total
-------------------------++-------
Melee: War axe           ||    24
  Use: Potion            ||     1
Armor: Scale mail        ||     5
Dodge: Dodged            ||     4
Block: Kite shield       ||    14

Table legend: (Time is in decaauts)
 A = Elapsed time spent in this place.
 B = Non-inter-level travel time spent in this place.
 C = Inter-level travel time spent in this place.
 D = Time resting spent in this place.
 E = Time spent auto-exploring this place.
 F = Levels seen in this place.
 G = Mean time per level.
                   A        B        C        D        E       F      G
               +--------+--------+--------+--------+--------+-----+--------+
         Total |    212 |    212 |      0 |      0 |      0 |   3 |   70.7 |
       Dungeon |    212 |    212 |      0 |      0 |      0 |   3 |   70.7 |
               +--------+--------+--------+--------+--------+-----+--------+

Top non-repeatable levels by time:
     D:1: 104 daAuts
     D:3: 69 daAuts
     D:2: 37 daAuts
